 Dungeon Crawl Stone Soup version 0.28.0-53-g5a82cb258f (webtiles) character file.

Game seed: 2837156968983279073

42466 concernfroge the Impaler (level 13, 0/124 HPs)
             Began as a Minotaur Berserker on June 17, 2022.
             Was a High Priest of Trog.
             Succumbed to a cane toad's poison
             ... while paralysed by Rupert
             ... on level 4 of the Lair of Beasts.
             The game lasted 01:15:19 (18515 turns).

concernfroge the Impaler (Minotaur Berserker)      Turns: 18515, Time: 01:15:20

Health: 0/124      AC: 20    Str: 26    XL:     13   Next: 85%
Magic:  12/12      EV:  2    Int:  4    God:    Trog [*****.]
Gold:   810        SH:  0    Dex: 17    Spells: 12/12 levels left

rFire   + + .      SeeInvis .   z - +6 trident (freeze)
rCold   + + .      Faith    .   n - +1 buckler {reflect}
rNeg    . . .      Spirit   .   k - +5 chain mail {rC+}
rPois   .          Reflect  +   (helmet restricted)
rElec   .          Harm     .   g - scarf {rC+ rF+}
rCorr   .          Rampage  .   o - +0 pair of gloves
Will    .....                   (no boots)
Stlth   ..........              H - amulet of the acrobat
HPRegen 0.30/turn               j - ring of protection from fire
MPRegen 0.13/turn               q - +6 ring of dexterity

@: paralysed, lethally poisoned (0 -> -31)
A: horns 2, retaliatory headbutt
a: Renounce Religion, Berserk, Trog's Hand, Brothers in Arms


You were on level 4 of the Lair of Beasts.
You worshipped Trog.
Trog was extremely pleased with you.
You visited 3 branches of the dungeon, and saw 16 of its levels.
You also visited: Sewer, Bailey, Ice Cave and Volcano.

You collected 1026 gold pieces.
You spent 216 gold pieces at shops.

Inventory:

Hand Weapons
 z - a +6 trident of freezing (weapon)
 N - a +2 battleaxe of flaming
Missiles
 s - a throwing net
Armour
 g - a scarf of resistance (worn)
 k - a +5 chain mail of cold resistance (worn)
 n - a +1 buckler of reflection (worn)
 o - a +0 pair of gloves (worn)
Jewellery
 j - a ring of protection from fire (left hand)
 q - a +6 ring of dexterity (right hand)
 x - a ring of magical power
 H - an amulet of the acrobat (around neck)
 K - a ring of fire
 Q - the ring "Kyrgh" {rN+ Str+2}
   (You found it in an ice cave)

   [ring of positive energy]

   Str:       It affects your strength (+2).
   rN:        It protects you from negative energy.
Wands
 b - a wand of iceblast (15)
 v - a wand of mindburst (12)
 w - a wand of acid (7)
 y - a wand of flame (37)
 A - a wand of paralysis (15)
 F - a wand of charming (6)
 O - a wand of digging (5)
Scrolls
 c - 2 scrolls of vulnerability
 e - 5 scrolls of teleportation
 m - 7 scrolls of brand weapon
 p - 6 scrolls of enchant armour
 G - a scroll of magic mapping
 I - 5 scrolls of blinking {unknown}
 L - 4 scrolls of fog
 P - a scroll of enchant weapon
Potions
 a - 2 potions of heal wounds
 d - 6 potions of flight
 h - 6 potions of mutation
 i - 4 potions of might
 l - 4 potions of invisibility
 r - 2 potions of brilliance
 t - 2 potions of curing
 u - a potion of berserk rage {unknown}
 B - 3 potions of lignification
 C - 3 potions of cancellation
 D - 2 potions of haste
 E - a potion of attraction {unknown}
 J - a potion of ambrosia {unknown}
 M - 2 potions of experience {unknown}
Miscellaneous
 f - a tin of tremorstones (2/2)


   Skills:
 + Level 14.1 Fighting
 + Level 16.7 Polearms
 + Level 15.9 Armour
 + Level 7.4 Dodging
 + Level 8.7 Shields


You had 12 spell levels left.
You didn't know any spells.
Your spell library contained the following spells:

 Spells                   Type           Power      Damage    Failure   Level
 Slow                     Hex            0%         N/A       95%         1
 Confusing Touch          Hex            0%         N/A       100%        3
 Vampiric Draining        Necr           0%         2d6       100%        3


Dungeon Overview and Level Annotations

Branches:
Dungeon (11/15)            Temple (1/1) D:6            Lair (4/6) D:11
  Swamp (0/4) Lair:2        Snake (0/4) Lair:4        Sewer (visited)
 Bailey (visited)           IceCv (visited)         Volcano (visited)
    Orc: D:9-12

Altars:
Ashenzari
Cheibriados
Dithmenos
Elyvilon
Fedhas
Gozag
Hepliaklqana
Kikubaaqudgha
Makhleb
Nemelex Xobeh
Okawaru
Qazlal
Ru
Sif Muna
Trog
Uskayaw
Vehumet
Wu Jian
Xom
Yredelemnul
Zin
The Shining One

Shops:
D:2 [   D:7 =

Annotations:
D:5 1 runed translucent door, WaxSun's ghost, novice DjCj
D:11 3 runed translucent doors, issech's ghost, journeyman MiMo
Lair:4 Rupert


Innate Abilities, Weirdness & Mutations

You have a pair of horns on your head.
You reflexively headbutt those who attack you in melee.


Message History

Rupert barely misses you. You block the water moccasin's attack.
You hit Rupert but do no damage.
Rupert is lightly wounded.
You puncture Rupert! You freeze Rupert.
Rupert is lightly wounded.
The water moccasin barely misses you. You furiously retaliate!
You headbutt the water moccasin, but do no damage.
The cane toad stings you! You block Rupert's attack.
You completely miss Rupert.
Rupert is lightly wounded.
You block the water moccasin's attack. You block the cane toad's attack.
Rupert hits you with a +2 battleaxe of flaming.
You hit Rupert. You freeze Rupert. You headbutt Rupert.
Rupert is moderately wounded.
You block the water moccasin's attack.
You barely miss Rupert. You headbutt Rupert, but do no damage.
Rupert is moderately wounded.
The cane toad stings you! The water moccasin bites you.
Rupert roars wildly at you.
You suddenly lose the ability to move!
The cane toad stings you. The water moccasin bites you.
You are poisoned.
The water moccasin poisons you!
Rupert hits you with a +2 battleaxe of flaming!
* * * LOW HITPOINT WARNING * * *
Rupert burns you.
* * * LOW HITPOINT WARNING * * *
The cane toad stings you.
* * * LOW HITPOINT WARNING * * *
You feel very sick. The water moccasin bites you.
* * * LOW HITPOINT WARNING * * *
Rupert hits you with a +2 battleaxe of flaming.
* * * LOW HITPOINT WARNING * * *
The cane toad stings you.
* * * LOW HITPOINT WARNING * * *
You are more poisoned.
The cane toad poisons you!
The water moccasin bites you but does no damage.
You die...

............# *,,,,,,,,,,,,,,,,
............#*****,,,...,,,,,,,,,
...........#*,*,,**,,...,,,,,,,,,
.........#.#,,,,,,*,....,,,,,,,,,
.........##+,,,*,,*.....,,,,,,,,,
..........###,,,,*#...,.,,,,,,,,,
..........#.####*#..,...,,,,,,,,,
..†.........#..##F#.....,,,,,,,,,
................@S......,,,,,,,,,
.................@......,,,,,,,<*
.......................#*,,,,,,,*
.....................PP#*,,,,,,,,
...................#####**,,,,,,,
................#.## **,,,,,,,,,
#P...............## *,,,,,,,,,,
#..............##.* *,,,,,,,,,,
#####......,,****** *,,,,,,,,,,


You could see Rupert, a cane toad and a water moccasin.

Vanquished Creatures
  Snorg (Lair:3)
  A fire dragon (Volcano)
  A boulder beetle (Lair:4)
  6 hydras
  2 vault guards (Bailey)
  3 two-headed ogres
  Sonja (Lair:2)
  3 lindwurms (Volcano)
  2 bog bodies (Lair:2)
  A necromancer (IceCv)
  2 black mambas
  Maurice (D:9)
  A guardian serpent (Lair:4)
  An ice statue (IceCv)
  5 elephants (Lair:2)
  4 smoke demons (Volcano)
  6 cane toads
  An unseen horror (D:11)
  3 rime drakes
  12 ice devils (IceCv)
  6 komodo dragons
  2 entropy weaver simulacra (IceCv)
  5 freezing wraiths (IceCv)
  An anaconda simulacrum (IceCv)
  4 burning bushes (Lair:1)
  A polar bear (Lair:1)
  Prince Ribbit (Bailey)
  2 trolls
  Grinder (D:3)
  3 blink frogs (Lair:1)
  A shadow (D:10)
  4 wyverns
  2 dire elephant simulacra (IceCv)
  22 yaks
  2 wraiths
  A vampire (D:10)
  A basilisk (Lair:4)
  5 humans (Bailey)
  6 death yak simulacra (IceCv)
  4 steam dragons (Volcano)
  A harpy simulacrum (IceCv)
  An acid dragon (D:8)
  A hell hound (Volcano)
  A swamp worm (Lair:2)
  Edmund (D:4)
  10 water moccasins
  Duvessa (D:4)
  5 orc warriors
  A black bear (D:4)
  2 sky beasts
  A necrophage (D:7)
  9 centaurs
  An ogre (D:6)
  2 phantoms (D:5)
  A kobold brigand (D:7)
  18 bullfrogs
  A gnoll sergeant (D:10)
  A wyvern zombie (D:5)
  3 cane toad simulacra (IceCv)
  A water moccasin zombie (D:7)
  Dowan (D:4)
  11 killer bees
  2 elephant simulacra (IceCv)
  8 wights
  2 electric eels
  2 centaur zombies
  A bullfrog zombie (D:5)
  2 hounds
  2 jellies
  3 orc priests
  2 bullfrog skeletons
  An iguana (D:6)
  A merfolk siren (Sewer)
  3 orc wizards
  A killer bee zombie (D:9)
  A merfolk avatar (Sewer)
  A troll simulacrum (IceCv)
  7 polar bear simulacra (IceCv)
  2 wolf simulacra (IceCv)
  3 river rats (Sewer)
  5 adders
  8 gnolls
  2 naga simulacra (IceCv)
  14 white imps
  2 ufetubi (IceCv)
  An adder skeleton (D:4)
  3 worms (D:3)
  31 orcs
  5 bats
  6 endoplasms
  4 giant cockroaches
  7 goblins
  6 hobgoblins
  6 kobolds
  5 quokkas
  7 ball pythons
  12 frilled lizards
  24 rats
397 creatures vanquished.

Vanquished Creatures (collateral kills)
  A lindwurm (Volcano)
  A smoke demon (Volcano)
  A steam dragon (Volcano)
3 creatures vanquished.

Vanquished Creatures (others)
  6 fungi (Lair:3)
  14 plants
20 creatures vanquished.

Grand Total: 420 creatures vanquished

Notes
Turn   | Place    | Note
-------+----------+-------------------------------------------
     0 | D:1      | concernfroge the Minotaur Berserker began the quest for the
                  | Orb.
     0 | D:1      | Reached XP level 1. HP: 19/19 MP: 0/0
   412 | D:1      | Reached XP level 2. HP: 21/27 MP: 1/1
  1014 | D:2      | Reached skill level 4 in Polearms
  1019 | D:2      | Found Ticruig's Armour Boutique.
  1559 | D:3      | Noticed Grinder
  1559 | D:3      | Found a glowing drain.
  1567 | Sewer    | Entered a sewer
  1900 | Sewer    | Reached XP level 3. HP: 33/33 MP: 2/2
  1908 | Sewer    | Noticed a sickly merfolk siren
  1912 | Sewer    | Reached ** piety under Trog
  1924 | Sewer    | Killed a sickly merfolk siren
  1977 | Sewer    | Reached XP level 4. HP: 41/41 MP: 3/3
  1986 | Sewer    | Reached skill level 5 in Polearms
  2118 | Sewer    | Noticed a malarious merfolk avatar
  2148 | Sewer    | Killed a malarious merfolk avatar
  2508 | D:3      | Paralysed by Grinder for 4 turns
  2519 | D:3      | Killed Grinder
  2520 | D:3      | Reached skill level 5 in Fighting
  2520 | D:3      | Reached skill level 6 in Polearms
  2520 | D:3      | Reached XP level 5. HP: 28/48 MP: 4/4
  2520 | D:3      | Reached XP level 6. HP: 33/56 MP: 5/5
  3213 | D:3      | Reached skill level 7 in Polearms
  3343 | D:4      | Noticed Duvessa
  3343 | D:4      | Noticed Dowan
  3348 | D:4      | Killed Duvessa
  3353 | D:4      | Killed Dowan
  3354 | D:4      | Reached XP level 7. HP: 62/62 MP: 6/6
  3399 | D:4      | Found a glowing silver altar of Zin.
  3403 | D:4      | Noticed Edmund
  3416 | D:4      | Killed Edmund
  3417 | D:4      | Reached skill level 8 in Polearms
  3881 | D:5      | Entered Level 5 of the Dungeon
  4070 | D:5      | Reached skill level 9 in Polearms
  4070 | D:5      | Reached XP level 8. HP: 43/71 MP: 7/7
  4431 | D:5      | Reached *** piety under Trog
  4476 | D:5      | Found a sacrificial altar of Ru.
  4547 | D:5      | Found a runed translucent door.
  4553 | D:5      | Noticed WaxSun's ghost (novice DjCj)
  4753 | D:5      | Reached skill level 10 in Polearms
  4753 | D:5      | Reached skill level 5 in Armour
  4753 | D:5      | Reached skill level 5 in Dodging
  4776 | D:5      | Reached XP level 9. HP: 57/79 MP: 8/8
  5147 | D:5      | Found an ornate altar of the Wu Jian Council.
  5867 | D:2      | Bought a +1 buckler of reflection for 162 gold pieces
  5867 | D:2      | Bought a +0 pair of gloves for 54 gold pieces
  6083 | D:6      | Reached skill level 11 in Polearms
  6090 | D:6      | Noticed a two-headed ogre
  6102 | D:6      | Killed a two-headed ogre
  6206 | D:6      | Found a glowing golden altar of the Shining One.
  6396 | D:6      | Found a hide-covered altar of Uskayaw.
  6533 | D:6      | Found a staircase to the Ecumenical Temple.
  6542 | Temple   | Entered the Ecumenical Temple
  7066 | D:7      | Found Igunas's Jewellery Shop.
  7936 | D:8      | Reached XP level 10. HP: 83/90 MP: 9/9
  8281 | D:8      | Noticed a two-headed ogre
  8292 | D:8      | Killed a two-headed ogre
  8293 | D:8      | Reached skill level 12 in Polearms
  8293 | D:8      | Reached skill level 10 in Armour
  8621 | D:8      | Reached **** piety under Trog
  9658 | D:9      | Noticed Maurice
  9663 | D:9      | Killed Maurice
  9664 | D:9      | Reached skill level 1 in Shields
 10067 | D:9      | Found a hazy altar of Hepliaklqana.
 10141 | D:10     | Entered Level 10 of the Dungeon
 10507 | D:10     | Found a flagged portal.
 10521 | Bailey   | Entered a bailey
 10539 | Bailey   | Reached skill level 13 in Polearms
 10681 | Bailey   | Noticed a vault guard
 10681 | Bailey   | Noticed Prince Ribbit
 10691 | Bailey   | Killed a vault guard
 10692 | Bailey   | Reached XP level 11. HP: 76/99 MP: 10/10
 10695 | Bailey   | Killed Prince Ribbit
 10814 | Bailey   | Noticed a vault guard
 10825 | Bailey   | Killed a vault guard
 10826 | Bailey   | Reached skill level 10 in Fighting
 12299 | D:11     | Reached skill level 14 in Polearms
 12331 | D:11     | Found a runed translucent gate.
 12331 | D:11     | Noticed a yaktaur captain
 12332 | D:11     | Found a runed translucent gate.
 12333 | D:11     | Found a runed translucent gate.
 12333 | D:11     | Noticed a tengu warrior
 12335 | D:11     | Noticed issech's ghost (journeyman MiMo)
 12347 | D:11     | Noticed a two-headed ogre
 12353 | D:11     | Killed a two-headed ogre
 12513 | D:11     | Found a staircase to the Lair.
 12988 | Lair:1   | Entered Level 1 of the Lair of Beasts
 13051 | Lair:1   | Reached ***** piety under Trog
 13535 | Lair:1   | Reached skill level 5 in Shields
 13655 | Lair:1   | Reached XP level 12. HP: 110/110 MP: 11/11
 14057 | Lair:2   | Found a dark tunnel.
 14069 | Volcano  | Entered a volcano
 14406 | Volcano  | Reached skill level 15 in Polearms
 14490 | Volcano  | Noticed a fire dragon
 14501 | Volcano  | Killed a fire dragon
 14880 | Lair:2   | Noticed an eight-headed hydra
 14889 | Lair:2   | Killed an eight-headed hydra
 15059 | Lair:2   | Noticed Sonja
 15085 | Lair:2   | Killed Sonja
 15540 | Lair:2   | Noticed a five-headed hydra
 15546 | Lair:2   | Killed a five-headed hydra
 15770 | Lair:2   | Found a staircase to the Swamp.
 15889 | Lair:2   | Reached skill level 15 in Armour
 15889 | Lair:2   | Reached XP level 13. HP: 119/119 MP: 12/12
 16381 | Lair:3   | Reached skill level 16 in Polearms
 16383 | Lair:3   | Received a gift from Trog
 16792 | Lair:3   | Noticed Snorg
 16799 | Lair:3   | Killed Snorg
 16997 | Lair:4   | Found a staircase to the Snake Pit.
 17018 | Lair:4   | Found a frozen archway.
 17049 | IceCv    | Entered an ice cave
 17689 | IceCv    | Found an ancient bone altar of Kikubaaqudgha.
 18325 | IceCv    | Identified the ring "Kyrgh" {rN+ Str+2}
 18497 | Lair:4   | Noticed Rupert
 18512 | Lair:4   | Paralysed by Rupert for 7 turns
 18515 | Lair:4   | Succumbed to a cane toad's poison

Illustrated notes

Levels and vault maps discovered:
D:1:      dpeg_arrival_simpleton_b, layout_loops_ring
D:2:      layout_loops_corners, serial_shops, nicolae_shop_trees
D:3:      layout_loops_ring, cheibrodos_sewer_entry_drain, uniq_grinder
D:4:      layout_gridville, overflow_temple_1_default,
          chequers_serial_rivers_room_a, minmay_misc_feat_chi,
          kennysheep_small_circle, uniq_duvessa, uniq_edmund
D:5:      layout_layer_cave, pf_just_have_faith, lemuel_coloured_pillars_altar,
          ebering_ghost_sewer_d
D:6:      layout_basic, mainiacjoe_overflow_six_doors_small,
          mainiacjoe_overflow_small_starburst, lemuel_temple_firewalk_b,
          small_statue_alley_b
D:7:      layout_rooms, serial_shops, nicolae_shop_hallway_plus,
          supply_closet_lemuel
D:8:      layout_layer_cave, serial_bayou_lagoon_a, st_stairs_1
D:9:      layout_loops_ring, nicolae_hepliaklqana_hippocampus, uniq_maurice
D:10:     layout_grid_maze, enter_bailey_5
D:11:     layout_basic, david_lair_shrubbed, gammafunk_ghost_split
Temple:   eino_temple_rhombus
Lair:1:   layout_loops_ring, evilmike_ambush [evilmike_ambush_outer_pillars,
          evilmike_ambush_inner_basic], lemuel_fruit_tree
Lair:2:   layout_regular_city, nicolae_swamp_entry_splash_gauntlet,
          nicolae_volcano_entry_two_sided, lemuel_fruit_fields,
          infiniplex_staircase_pool_2, uniq_sonja
Lair:3:   layout_loops_ring, uniq_snorg
Lair:4:   layout_hall_layers, minmay_snake_entry_spellcaster,
          portal_ice_cave_entry_imps, pf_torpor_hydra,
          infiniplex_staircase_pool, serial_bayou_shore_b, grunt_megastairs_4,
          uniq_rupert

Skill      XL: |  1  2  3  4  5  6  7  8  9 10 11 12 13 |
---------------+----------------------------------------+-----
Fighting       | 4 5 6 7 8 9 11 12 14 | 14.1
Polearms       | 4 6 7 9 10 11 13 14 15 16 | 16.7
Dodging        | 3 4 5 6 7 |  7.4
Armour         | 3 6 9 11 13 15 | 15.9
Shields        | 1 5 7 8 |  8.7

Action                   |  1- 3 |  4- 6 |  7- 9 | 10-12 | 13-15 || total
-------------------------+-------+-------+-------+-------+-------++-------
Melee: Spear             |    85 |   133 |   330 |    59 |       ||   607
       Headbutt          |     5 |     9 |    82 |    93 |   110 ||   299
       Trident           |       |       |    10 |   545 |   375 ||   930
       Punch             |       |       |     6 |       |       ||     6
Invok: Berserk           |       |     2 |     2 |     1 |     2 ||     7
       Brothers in Arms  |       |       |       |     1 |       ||     1
  Use: Scroll            |     4 |       |     8 |     7 |     1 ||    20
       Potion            |     4 |       |     3 |     1 |     1 ||     9
 Stab: Sleeping          |     2 |     1 |       |       |       ||     3
       Distracted        |       |     1 |       |       |       ||     1
Armor: Animal skin       |     7 |    14 |       |       |       ||    21
       Skin              |     3 |       |       |       |       ||     3
       Leather armour    |       |     1 |       |       |       ||     1
       Chain mail        |       |       |    80 |   201 |   130 ||   411
Dodge: Dodged            |    23 |    53 |    75 |   202 |   129 ||   482
Block: Buckler           |       |       |     8 |   105 |    93 ||   206
       Reflection        |       |       |       |    12 |       ||    12
